Unix xNetHack Version 7.1.0 - last build Jul 4 2022 02:09:00 (ec8469f2eb63cac24863ec985b09651f3a72bf9f). Game began 2022-07-04 14:57:31, ended 2022-07-04 15:06:59. nmlkj, chaotic male human Wizard --- -- --- |. . .| |.- . -.| |.| |. |@| |.| |. .| .| | |. --- |.| |.| -|---.----+-- .| |.| |.| |........... -.| |.| .| +.......{... |.| |.| |.- ......... |. |.| |. ...... |.-- |.| .- ----...- |.~+ |.| ------.----- |.| |..|...| +..| |.| |........... |.| |..|...| |..| |@| |..........| |.-------|-...---------..-----@| |.....<....| #|...........................@@.| |.........).####[#%#-.------------------------------ ------------ #### Nmlkj the Thaumaturge St:9 Dx:14 Co:16 In:18 Wi:8 Ch:8 Chaotic S:1563 Dlvl:6 $:13 HP:0(43) Pw:27(56) AC:10 Xp:6/325 T:1314 Satiated Latest messages: The watchman throws a plastic spear! You are hit by a plastic spear. The watchman picks up a plastic spear. In what direction? l The spell hits the gnomish wizard! The watchman throws a plastic spear! The plastic spear hits the watchman. The gnomish wizard points all around, then curses. In what direction? l The spell hits the gnomish wizard! You kill the gnomish wizard! Welcome to experience level 6. You see here an apron. The watchman picks up a plastic spear. You start digging. You hit the rock with all your might. The watchman wields a short sword! You stop digging. You start digging. You hit the rock with all your might. You stop digging. The watchman wields 2 plastic spears! You continue digging. You hit the rock with all your might. You stop digging. The watchman thrusts his short sword. The watchman stabs you! The watchman picks up an apron. You continue digging. You hit the rock with all your might. You stop digging. The watchman thrusts his short sword. The watchman jabs you! You continue digging. You hit the rock with all your might. You stop digging. The watchman thrusts one of his plastic spears. The watchman gores you! The watchman wields a plastic spear! In what direction? k The magic missile hits the watchman! The watchman thrusts his short sword. The watchman jabs you! The watchman thrusts one of his plastic spears. The watchman jabs you! In what direction? k The spell misses the watchman. The watchman thrusts his short sword. The watchman gores you! You die... Major events: Turn 1: nmlkj the chaotic male human Wizard entered the dungeon 388: attained the rank of Conjurer (level 3) 529: entered the Gnomish Mines 1258: reached Mine Town 1303: attained the rank of Thaumaturge (level 6) 1314: killed by a watchman Inventory: Inventory: 542/675 weight (21/52 slots) Coins $ - 13 gold pieces {1} Weapons t - 5 +0 daggers {50} a - a blessed +1 quarterstaff {40} Armor p - a blessed +1 pair of dwarvish boots {50} n - an uncursed +0 pair of cloth jumping boots (at the ready) {13} Comestibles l - an uncursed food ration {20} i - 2 uncursed tripe rations {20} Scrolls u - an uncursed scroll of enchant weapon {5} y - an uncursed scroll of identify {5} Spellbooks c - a blessed spellbook of force bolt {35} e - an uncursed spellbook of healing {35} d - a blessed spellbook of magic missile {40} j - an uncursed spellbook of slow monster {35} f - an uncursed spellbook of stone to flesh {45} Potions x - an uncursed potion of monster detection {20} m - an uncursed potion of paralysis {20} Rings v - an uncursed ring of polymorph control {3} Tools h - an uncursed blindfold {2} g - a magic marker (0:33) {2} q - a +0 pick-axe (weapon in hand) {100} Gems/Stones s - an uncursed worthless piece of green glass {1} r - an uncursed worthless piece of yellowish brown glass {1} Nmlkj the Wizard's attributes: Background: You were a Thaumaturge, a level 6 male human Wizard. You were chaotic, nominally on a mission for Anhur who was opposed by Ptah (lawful) and Thoth (neutral). You were heterosexual. You were in the Gnomish Mines, on level 6. You entered the dungeon 1314 turns ago. You had 325 experience points, 315 more were needed to attain level 7. Your score was 1563 before end-of-game adjustments. Basics: You had 0 out of 43 hit points. You had 27 out of 56 energy points (spell power). Your armor class was 10. Your wallet contained 13 zorkmids. Autopickup was on for '$"?+!=/' plus thrown. Final Characteristics: Your strength was 9 (peak:11, limit:18/100). Your dexterity was 14 (limit:18). Your constitution was 16 (limit:18). Your intelligence was 18 (limit:18). Your wisdom was 8 (limit:18). Your charisma was 8 (limit:18). Final Status: You were satiated. You were unencumbered. You were wielding a pick-axe. You had no skill with pick-axe. You were not wearing any armor. Final Attributes: You were devoutly aligned. You are dead. Miscellaneous: You never encountered a bones level. Total elapsed playing time was 9 minutes and 28 seconds. Vanquished creatures: 3 gnome leaders a gnomish wizard 5 dwarves a giant bat a monkey an iguana 2 hobbits 2 giant rats a green mold 24 gnomes a gecko 3 jackals a kobold a goblin a sewer rat 2 grid bugs 2 lichens a kobold zombie 4 newts 57 creatures vanquished. No species were genocided or became extinct. Voluntary challenges: You were an atheist. You were illiterate. You never genocided any monsters. You never polymorphed an object. You never changed form. You never touched an artifact. You used no wishes. You never owned a pet. You never scared an enemy with impunity. You were celibate. You never generated conflict. Achievements: You attained the rank of Conjurer. You entered the Gnomish Mines. You entered Minetown. You attained the rank of Thaumaturge. The Dungeons of Doom: levels 1 to 3 Level 1: Level 2: A fountain, a tree. Stairs down to The Gnomish Mines. Level 3: The Gnomish Mines: levels 3 to 6 Level 3: Level 4: Level 5: Level 6: <- You were here. A fountain. Final resting place for you, killed by a watchman. Game over: __________ / \ / REST \ / IN \ / PEACE \ / \ | nmlkj | | 13 Au | | killed by a | | watchman | | | | | | 2022 | *| * * * | * _________)/\\_//(\/(/\)/\//\/|_)_______ Goodbye nmlkj the Wizard... You died in The Gnomish Mines on dungeon level 6 with 1562 points, and 13 pieces of gold, after 1314 moves. You were level 6 with a maximum of 43 hit points when you died.